 Dungeon Crawl Stone Soup version 0.26.0-18-gc5c842f807 (webtiles) character file.

Game seed: 2703134856946636065

739 EnegeticOcto the Slinger (level 8, -2/55 HPs)
             Began as a Halfling Summoner on Jan 23, 2021.
             Killed by divine providence
             ... invoked by an orc priest
              (15 damage)
             ... on level 5 of the Dungeon.
             The game lasted 00:09:46 (5127 turns).

EnegeticOcto the Slinger (Halfling Summoner)        Turns: 5127, Time: 00:09:46

Health: -2/55      AC: 12    Str:  8 (11) XL:     8   Next: 4%
Magic:  10/10      EV: 10    Int: 12 (13) God:
Gold:   163        SH:  0    Dex: 14 (15) Spells: 10/10 levels left

rFire    . . .     SeeInvis +   b - +4 quarterstaff (chaos)
rCold    . . .     Faith    +   (shield currently unavailable)
rNeg     . . .     Spirit   .   r - +0 scale mail
rPois    .         Reflect  .   k - +2 helmet {SInv}
rElec    .         Harm     .   u - +2 cloak
rCorr    .         Rampage  .   (no gloves)
Will     .....                  (no boots)
Stlth    +.........             q - amulet of faith
HPRegen  0.18/turn              (no ring)
MPRegen  0.12/turn              (no ring)

@: no status effects
A: small, mutation resistance 1
a: no special abilities


You were on level 5 of the Dungeon.
You visited 1 branch of the dungeon, and saw 5 of its levels.

You collected 163 gold pieces.

Inventory:

Hand Weapons
 a - a +1 hunting sling of freezing
   (You found it on level 3 of the Dungeon)
 b - a +4 quarterstaff of chaos (weapon)
   (You took it off Crazy Yiuf on level 3 of the Dungeon)
 f - a +0 mace of protection
   (You took it off Terence on level 2 of the Dungeon)
 h - a +1 dagger of venom
   (You took it off a kobold on level 1 of the Dungeon)
Missiles
 e - 107 stones (quivered)
 m - 24 sling bullets
Armour
 c - a +0 ring mail
   (You found it on level 2 of the Dungeon)
 i - a +0 chain mail
   (You took it off Terence on level 2 of the Dungeon)
 k - a +2 helmet of see invisible (worn)
   (You found it on level 3 of the Dungeon)
 r - a +0 scale mail (worn)
   (You took it off an orc on level 3 of the Dungeon)
 u - a +2 cloak (worn)
   (You took it off Crazy Yiuf on level 3 of the Dungeon)
Jewellery
 q - an amulet of faith (around neck)
   (You took it off an orc on level 3 of the Dungeon)
Wands
 o - a wand of flame (16) {@v4}
   (You took it off Ijyb on level 3 of the Dungeon)
 s - a wand of polymorph (2)
   (You took it off Crazy Yiuf on level 3 of the Dungeon)
Scrolls
 v - a scroll of immolation
Potions
 d - a potion of might {@q3 !q}


   Skills:
 + Level 5.1 Fighting
 - Level 0.7 Maces & Flails
 + Level 8.1 Slings
 - Level 2.1 Dodging
 - Level 2.1 Stealth
 - Level 1.5 Spellcasting
 - Level 3.2 Summonings


You had 10 spell levels left.
You didn't know any spells.
Your spell library contained the following spells:

 Spells                   Type           Power        Failure   Level
 Summon Small Mammal      Summ           32%          61%         1
 Call Imp                 Summ           8%           75%         2
 Call Canine Familiar     Summ           8%           93%         3
 Summon Guardian Golem    Hex/Summ       4%           99%         3
 Summon Ice Beast         Ice/Summ       4%           100%        4
 Summon Lightning Spire   Summ/Air       4%           100%        4


Dungeon Overview and Level Annotations

Branches:
Dungeon (5/15)
 Temple: D:4-7

Altars:
Yredelemnul

Annotations:
D:4 Dowan, Duvessa
D:5 Sigmund


Innate Abilities, Weirdness & Mutations

You are small and have problems with some larger weapons.
You are somewhat resistant to further mutation.


Message History

The centaur is almost dead.
The centaur misses you.
You shoot a stone. The stone hits the centaur.
The stone freezes the centaur.
You kill the centaur!
You shoot a stone.
The stone barely misses the giant cockroach.
You shoot a stone.
The stone hits the giant cockroach but does no damage.
The giant cockroach barely misses you.
Something unseen opens the door.
Menkaure, Prince of Dust comes into view.
Menkaure shouts!
The giant cockroach closely misses you. x2; Menkaure moves out of view.
Okay, then.
Okay, then.
A worker ant zombie comes into view.
The giant cockroach bites you but does no damage.
The orc priest invokes the aid of Beogh against you.
Pain shoots through your body!
Sigmund the Dreaded comes into view.
He is wielding a +0 scythe.
Sigmund shouts!
Sigmund breathes a few words.
Sigmund's hands start flickering wildly.
Found 12 gold pieces and 28 stones.
Sigmund gestures at himself while chanting.
Sigmund flickers and vanishes for a moment.
An ice beast comes into view.
Okay, then.
Sigmund points at you and mumbles some strange words.
The magic dart hits you but does no damage.
The giant cockroach closely misses you.
It was a potion of degeneration.
There was something very wrong with that liquid.
You feel weakened.
You feel dopey.
You feel clumsy. The giant cockroach bites you.
It was a potion of ambrosia.
You are confused.
You feel invigorated.
The giant cockroach bites you but does no damage.
You bump into the rock wall.
The giant cockroach bites you but does no damage.
The orc barely misses you.
You clumsily bash the orc but do no damage.
The giant cockroach barely misses you. The orc priest hits you.
Sigmund barely misses you. The giant cockroach closely misses you.
The orc hits you but does no damage.
The orc priest hits you but does no damage.
The orc closely misses you.
Sigmund hits you from afar with a +0 scythe.
You are too confused!
Okay, then.
You are too confused!
Okay, then.
Your +1 hunting sling of freezing stops glowing.
Your +4 quarterstaff of chaos is briefly surrounded by a scintillating aura of random colours.
b - a +4 quarterstaff of chaos (weapon)
You feel less invigorated.
You feel less confused. The giant cockroach barely misses you.
You closely miss Menkaure. The giant cockroach closely misses you.
Menkaure closely misses you. The giant cockroach barely misses you.
You completely miss Menkaure. Menkaure barely misses you.
The giant cockroach closely misses you.
You sock Menkaure!
Menkaure flickers and vanishes for a moment.
Menkaure is moderately damaged.
The orc priest casts a cantrip, but nothing happens.
The giant cockroach bites you but does no damage.
Menkaure hits you!
The giant cockroach bites you but does no damage.
You sock Menkaure!
Menkaure is severely damaged.
Menkaure hits you but does no damage.
The giant cockroach bites you but does no damage.
You hit Menkaure.
Menkaure is severely damaged.
The giant cockroach completely misses you.
Menkaure closely misses you.
The giant cockroach bites you but does no damage.
Menkaure hits you!
You hit Menkaure.
You destroy Menkaure!
The giant cockroach bites you but does no damage.
The orc priest calls down the wrath of Beogh upon you.
Beogh smites you!
* * * LOW HITPOINT WARNING * * *
You feel your dexterity returning.
Your Fighting skill increases to level 5!
Your Slings skill increases to level 8!
You have reached level 8!
Okay, then.
Really quaff
j - 2 potions of curing {@q1 !q}?
You feel better.
The giant cockroach bites you but does no damage.
The giant cockroach closely misses you.
Really quaff
j - a potion of curing {@q1 !q}?
You feel better.
The giant cockroach bites you but does no damage.
The orc priest calls down the wrath of Beogh upon you.
Beogh smites you!
You die...

..($........
............. .
............ ..#
........... ....
#......... #....##
##.......#
#......##Y@......#
.......@Boo....##
###.#.######....#
. # #.o...#....#
....##'#<..# ####
.c.....o##...#
........+....#
........###..#
...M..... ....
......... .....


You could see Sigmund (invisible), an ice beast, an orc priest, an orc and a
giant cockroach.

Vanquished Creatures
  Menkaure (D:5)
  A sky beast (D:3)
  An ice beast (D:3)
  A centaur (D:5)
  Crazy Yiuf (D:3)
  An orc priest (D:3)
  Ijyb (D:3)
  Terence (D:2)
  An iguana (D:1)
  4 orc wizards
  2 adders
  An ooze (D:3)
  An adder zombie (D:2)
  A worm (D:3)
  A dart slug (D:2)
  2 leopard geckos (D:3)
  18 orcs
  4 bats
  5 giant cockroaches
  5 goblins
  7 hobgoblins
  3 quokkas
  2 ball pythons (D:1)
  2 frilled lizards (D:1)
  7 kobolds
  4 rats
78 creatures vanquished.

Notes
Turn   | Place    | Note
-------+----------+-------------------------------------------
     0 | D:1      | EnegeticOcto the Halfling Summoner began the quest for the
                  | Orb.
     0 | D:1      | Reached XP level 1. HP: 11/11 MP: 3/3
   165 | D:1      | Reached XP level 2. HP: 18/18 MP: 4/4
   213 | D:1      | Reached skill level 1 in Slings
   424 | D:1      | Reached skill level 1 in Fighting
  1001 | D:2      | Reached skill level 2 in Slings
  1001 | D:2      | Reached XP level 3. HP: 21/23 MP: 5/5
  1517 | D:2      | HP: 1/23 [iguana (2)]
  2041 | D:1      | Reached XP level 4. HP: 26/29 MP: 6/6
  2101 | D:2      | Reached skill level 3 in Slings
  2102 | D:2      | Reached skill level 2 in Fighting
  2455 | D:2      | Found a basalt altar of Yredelemnul.
  2676 | D:2      | Reached XP level 5. HP: 35/35 MP: 7/7
  2828 | D:3      | Noticed Terence
  2832 | D:3      | Reached skill level 4 in Slings
  3086 | D:2      | Killed Terence
  3316 | D:3      | Noticed an ice beast
  3366 | D:3      | Killed an ice beast
  3367 | D:3      | Reached skill level 3 in Fighting
  3367 | D:3      | Reached skill level 5 in Slings
  3367 | D:3      | Reached XP level 6. HP: 13/42 MP: 8/8
  3725 | D:3      | Reached skill level 6 in Slings
  3980 | D:3      | Reached skill level 4 in Fighting
  3980 | D:3      | Reached XP level 7. HP: 29/48 MP: 9/9
  4129 | D:3      | Noticed Ijyb
  4134 | D:3      | Killed Ijyb
  4242 | D:3      | Found a runed translucent door.
  4243 | D:3      | Noticed Crazy Yiuf
  4373 | D:3      | Reached skill level 7 in Slings
  4626 | D:3      | Killed Crazy Yiuf
  4815 | D:4      | Noticed Duvessa
  4815 | D:4      | Noticed Dowan
  4886 | D:4      | Noticed Duvessa
  4886 | D:4      | Duvessa changed into Duvessa the acid dragon
  5086 | D:5      | Entered Level 5 of the Dungeon
  5107 | D:5      | Noticed Menkaure
  5110 | D:5      | Noticed Sigmund
  5125 | D:5      | Killed Menkaure
  5125 | D:5      | HP: 1/49 [orc priest/divine providence (15)]
  5126 | D:5      | Reached skill level 5 in Fighting
  5126 | D:5      | Reached skill level 8 in Slings
  5126 | D:5      | Reached XP level 8. HP: 1/55 MP: 10/10
  5127 | D:5      | Killed from afar by an orc priest

Illustrated notes

Levels and vault maps discovered:
D:1:      shiori_arrival_oz, layout_loops_ring
D:2:      layout_basic, yredelemnul_altar_generic
D:3:      layout_loops_cross, uniq_terence, uniq_crazy_yiuf_cottage, uniq_ijyb
D:4:      layout_cave_pools, minmay_temple_entry_trees,
          okawaru_altar_gauntlet_db, uniq_duvessa
D:5:      gammafunk_cloud_chamber, layout_basic, uniq_menkaure, uniq_sigmund,
          uniq_grinder

Skill      XL: |  1  2  3  4  5  6  7 |
---------------+----------------------+-----
Slings         | 2 3 5 6 8 |  8.1
Fighting       | 1 2 3 4 5 |  5.1
Maces & Flails | |  0.7
Dodging        | |  2.1
Stealth        | |  2.1
Spellcasting   | |  1.5
Summonings     | |  3.2

Action                   |  1- 3 |  4- 6 |  7- 9 || total
-------------------------+-------+-------+-------++-------
Melee: Whip              |     4 |       |       ||     4
       Dagger            |     6 |    18 |     1 ||    25
       Quarterstaff      |       |       |     7 ||     7
       Unarmed           |       |       |     7 ||     7
       Hunting sling     |       |       |     1 ||     1
 Fire: Hunting sling     |    69 |   155 |    62 ||   286
  Use: Scroll            |     5 |     2 |     3 ||    10
       Potion            |       |       |     4 ||     4
 Stab: Sleeping          |     1 |       |       ||     1
Armor: Robe              |     3 |       |       ||     3
       Leather armour    |     2 |       |       ||     2
       Chain mail        |       |    21 |     6 ||    27
       Ring mail         |       |     7 |       ||     7
       Scale mail        |       |       |    19 ||    19
       Skin              |       |       |     1 ||     1
Dodge: Dodged            |    34 |    42 |    39 ||   115
